 Dungeon Crawl Stone Soup version 0.27-a0-1071-ga85bd9520d (webtiles) character file.

Game seed: 4936157007488662187

2046 1player the Nimble (level 9, -2/57 (59) HPs)
             Began as a Kobold Hunter on Apr 24, 2021.
             Was an Initiate of Dithmenos.
             Slain by a two-headed ogre
             ... wielding a +0 giant club
              (17 damage)
             ... on level 7 of the Dungeon.
             The game lasted 00:22:01 (11416 turns).

1player the Nimble (Kobold Hunter)                 Turns: 11416, Time: 00:22:02

HP:   -2/57 (59)    AC:  5    Str: 10    XL:     9   Next: 48%
MP:   5/9           EV: 19    Int: 12    God:    Dithmenos [......]
Gold: 241           SH:  0    Dex: 18    Spells: 4/8 levels left

rFire    . . .     SeeInvis .   b - +2 dagger (venom)
rCold    . . .     Faith    .   (shield restricted)
rNeg     . . .     Spirit   .   c - +0 leather armour
rPois    +         Reflect  .   p - +1 helmet
rElec    .         Harm     .   (no cloak)
rCorr    .         Rampage  .   (no gloves)
Will     .....                  (no boots)
Stlth    ++++......             (no amulet)
HPRegen  0.19/turn              l - ring of wizardry
MPRegen  0.11/turn              A - ring of poison resistance

@: lightly drained
A: small, no large weapons, nightstalker 3
a: Renounce Religion


You were on level 7 of the Dungeon.
You worshipped Dithmenos.
Dithmenos was noncommittal.
You visited 2 branches of the dungeon, and saw 8 of its levels.

You collected 241 gold pieces.

Inventory:

Hand Weapons
 a - a +1 hand crossbow
 b - a +2 dagger of venom (weapon)
 w - a +4 dagger
Missiles
 d - 28 bolts
 t - 21 poisoned darts (quivered)
Armour
 c - a +0 leather armour (worn)
 p - a +1 helmet (worn)
Jewellery
 l - a ring of wizardry (left hand)
 A - a ring of poison resistance (right hand)
Wands
 v - a wand of polymorph (7)
 y - a wand of acid (9)
 B - a wand of paralysis (5)
Scrolls
 D - a scroll of enchant armour
 E - a scroll of amnesia {unknown}
 F - a scroll of summoning {unknown}
Potions
 g - 4 potions of curing {@q1}
 h - a potion of lignification
 j - 4 potions of haste {unknown}
 s - a potion of heal wounds {@q2}
 x - a potion of flight {unknown}
 C - a potion of ambrosia {unknown}


   Skills:
 + Level 7.9 Fighting
 - Level 6.5 Crossbows
 + Level 8.9 Dodging
 - Level 4.5 Stealth
 - Level 4.0 Hexes


You had 4 spell levels left.
You knew the following spells:

 Your Spells              Type           Power      Damage    Failure   Level
q - Ensorcelled Hibernat  Hex/Ice        8%         N/A       12%         2
w - Slow                  Hex            9%         N/A       5%          2

Your spell library contained the following spells:

 Spells                   Type           Power      Damage    Failure   Level
 Corona                   Hex            10%        N/A       3%          1
 Confusing Touch          Hex            9%         N/A       11%         3
 Tukima's Dance           Hex            9%         N/A       11%         3
 Animate Skeleton         Necr           0%         N/A       17%         1
 Apportation              Tloc           0%         N/A       17%         1
 Magic Dart               Conj           0%         1d3       17%         1
 Summon Small Mammal      Summ           0%         N/A       17%         1
 Dazzling Flash           Conj/Hex       8%         N/A       24%         3
 Summon Guardian Golem    Hex/Summ       4%         N/A       24%         3
 Blink                    Tloc           N/A        N/A       26%         2
 Call Imp                 Summ           0%         N/A       26%         2
 Call Canine Familiar     Summ           0%         N/A       45%         3
 Conjure Flame            Conj/Fire      0%         6-21      45%         3
 Mephitic Cloud           Conj/Pois/Air  0%         N/A       45%         3
 Summon Ice Beast         Ice/Summ       0%         N/A       85%         4
 Summon Lightning Spire   Summ/Air       0%         N/A       85%         4


Dungeon Overview and Level Annotations

Branches:
Dungeon (7/15)             Temple (1/1) D:6

Altars:
Ashenzari
Cheibriados
Dithmenos
Elyvilon
Fedhas
Gozag
Hepliaklqana
Kikubaaqudgha
Makhleb
Nemelex Xobeh
Okawaru
Qazlal
Ru
Sif Muna
Uskayaw
Vehumet
Wu Jian
Xom
Yredelemnul
The Shining One

Shops:
D:3 (

Annotations:
D:6 3 runed translucent doors, bmj180's ghost, novice MiFi


Innate Abilities, Weirdness & Mutations

You are small and have problems with some larger weapons.
You are completely attuned to the shadows.


Message History

You shoot a bolt. The bolt hits the two-headed ogre!
The two-headed ogre is heavily wounded.
The two-headed ogre closely misses you. The two-headed ogre misses you.
Your +2 dagger of venom begins to drip with poison!
b - a +2 dagger of venom (weapon)
Casting: Slow (safe; 5% risk of failure)
Confirm with . or Enter, or press ? or * to list all spells.
Aiming: Ensorcelled Hibernation (safe; 12% risk of failure)
Press: ? - help, Shift-Dir - straight line, f/p - two-headed ogre
Aim: a two-headed ogre, wielding a +0 giant club and a +0 dire flail (heavily wounded, chance to affect: 21%)
The two-headed ogre resists with almost no effort.
The two-headed ogre hits you with a +0 giant club!!
The two-headed ogre misses you.
Casting: Ensorcelled Hibernation (safe; 12% risk of failure)
Confirm with . or Enter, or press ? or * to list all spells.
Aiming: Ensorcelled Hibernation (safe; 12% risk of failure)
Press: ? - help, Shift-Dir - straight line, f/p - two-headed ogre
Aim: a two-headed ogre, wielding a +0 giant club and a +0 dire flail (heavily wounded, chance to affect: 21%)
You miscast Ensorcelled Hibernation.
You are very lightly contaminated with residual magic.
Nothing appears to happen.
The two-headed ogre hits you with a +0 giant club!!
* * * LOW HITPOINT WARNING * * *
The two-headed ogre completely misses you.
There is an open door here.
Your magical contamination has completely faded away.
The two-headed ogre closely misses you. The two-headed ogre misses you.
Okay, then.
There is an open door here.
You see here a bolt.
The two-headed ogre misses you. x2
There is an open door here.
Casting: Ensorcelled Hibernation (safe; 12% risk of failure)
Confirm with . or Enter, or press ? or * to list all spells.
Aiming: Slow (safe; 5% risk of failure)
Press: ? - help, Shift-Dir - straight line, f/p - two-headed ogre
Aim: a two-headed ogre, wielding a +0 giant club and a +0 dire flail (moderately wounded, chance to affect: 27%)
The two-headed ogre easily resists.
The two-headed ogre misses you.
The two-headed ogre hits you with a +0 dire flail!
You die...

##.## ##.......##
##...####....z....#
#.......'.........'
##...####<(.((....#
#..## ##.......##
#.## ##.....## #.#
##...## ##O## ##'##
#.@.# #.# #...# #.#
#...#########.##
##.##..........##
#.##...........###
#.##.............#
#..........#.#.#..
####.......###...#
#............##


You could see a two-headed ogre.

Vanquished Creatures
  Pikel (D:7)
  A black bear (D:7)
  3 ogres
  2 necrophages
  A lemure (D:7)
  A gnoll sergeant (D:7)
  A kobold brigand (D:7)
  A bullfrog (D:6)
  3 scorpions
  A water moccasin zombie (D:5)
  A wight (D:7)
  An electric eel (D:6)
  A bullfrog zombie (D:6)
  A centaur zombie (D:6)
  A jelly (D:6)
  3 centaur skeletons
  Jessica (D:2)
  2 orc wizards
  7 gnolls
  7 adders
  A shadow imp (D:6)
  A white imp (D:6)
  An ufetubus (D:4)
  An adder skeleton (D:5)
  6 worms
  6 dart slugs
  23 orcs
  2 bats (D:2)
  4 endoplasms
  2 giant cockroaches
  5 goblins
  8 hobgoblins
  14 jackals
  13 kobolds
  2 quokkas
  4 ball pythons
  4 frilled lizards
  4 rats
141 creatures vanquished.

Vanquished Creatures (others)
  11 plants
11 creatures vanquished.

Grand Total: 152 creatures vanquished

Notes
Turn   | Place    | Note
-------+----------+-------------------------------------------
     0 | D:1      | 1player the Kobold Hunter began the quest for the Orb.
     0 | D:1      | Reached XP level 1. HP: 12/12 MP: 1/1
    80 | D:1      | Reached skill level 5 in Crossbows
    85 | D:1      | Reached XP level 2. HP: 17/17 MP: 2/2
   621 | D:1      | Reached XP level 3. HP: 21/21 MP: 3/3
  1177 | D:1      | Reached skill level 3 in Dodging
  1505 | D:2      | You fall into a shaft and drop 2 floors!
  1595 | D:2      | Reached XP level 4. HP: 11/26 MP: 4/4
  2439 | D:2      | Found a faded altar of an unknown god.
  2449 | D:2      | Noticed Jessica
  2463 | D:2      | Killed Jessica
  2464 | D:2      | Reached XP level 5. HP: 13/30 MP: 5/5
  3490 | D:3      | Found a white marble altar of Elyvilon.
  3898 | D:3      | Learned a level 2 spell: Ensorcelled Hibernation
  3968 | D:3      | Reached skill level 4 in Dodging
  3968 | D:3      | Reached skill level 1 in Hexes
  4138 | D:3      | Found Nuhynwy's Antique Weapon Boutique.
  4386 | D:4      | Found a hide-covered altar of Uskayaw.
  4496 | D:4      | Reached XP level 6. HP: 36/36 MP: 6/6
  4881 | D:4      | Found a sparkling altar of Nemelex Xobeh.
  5237 | D:5      | Entered Level 5 of the Dungeon
  5357 | D:5      | Noticed an ogre
  5388 | D:5      | Killed an ogre
  5389 | D:5      | Reached XP level 7. HP: 19/43 MP: 7/7
  6751 | D:5      | Reached skill level 5 in Dodging
  7183 | D:6      | Learned a level 2 spell: Slow
  7409 | D:6      | Reached XP level 8. HP: 39/48 MP: 4/8
  7538 | D:6      | Found a staircase to the Ecumenical Temple.
  7545 | Temple   | Entered the Ecumenical Temple
  7654 | Temple   | Became a worshipper of Dithmenos the Shadowed
  7687 | D:6      | Found a runed translucent gate.
  7689 | D:6      | Found a runed translucent gate.
  7690 | D:6      | Found a runed translucent gate.
  7691 | D:6      | Noticed bmj180's ghost (novice MiFi)
  8015 | D:6      | Reached skill level 5 in Fighting
  8419 | D:6      | Reached skill level 6 in Dodging
  9465 | D:7      | Found a basalt altar of Yredelemnul.
  9486 | D:7      | Reached skill level 7 in Dodging
  9596 | D:7      | Noticed a two-headed ogre
 10335 | D:7      | Noticed Pikel
 10360 | D:7      | Killed Pikel
 10361 | D:7      | Reached skill level 8 in Dodging
 10361 | D:7      | Reached XP level 9. HP: 24/57 MP: 4/9
 11416 | D:7      | Slain by a two-headed ogre

Illustrated notes

Levels and vault maps discovered:
D:1:      amcnicky_arrival_abandoned_market, layout_basic, hex_medium
D:2:      layout_basic, shapermc_ecumenical_altar_notcrosses, uniq_jessica
D:3:      cheibrodos_helix_gallery, layout_rooms, nicolae_elyvilon_temple_path,
          serial_shops, shop
D:4:      layout_rooms, eat_drink_and_be_merry_uskayaw, kennysheep_mini_moat,
          minmay_crossroads
D:5:      layout_basic, dk_noncrumbling_4, moated_statue
D:6:      layout_basic, minmay_temple_entry_nine_rooms,
          ebering_ghost_rock_garden, serial_bayou_pond_b
D:7:      minmay_chambers_of_sevens, layout_loops_corners,
          yredelemnul_altar_generic, uniq_pikel
Temple:   nicolae_temple_x_marks_the_god

Skill      XL: |  1  2  3  4  5  6  7  8 |
---------------+-------------------------+-----
Crossbows      | 5 6 |  6.5
Stealth        | 2 3 4 |  4.5
Dodging        | 3 4 5 8 |  8.9
Hexes          | 1 3 4 |  4.0
Fighting       | 4 7 |  7.9

Action                   |  1- 3 |  4- 6 |  7- 9 || total
-------------------------+-------+-------+-------++-------
Melee: Dagger            |    77 |   134 |   252 ||   463
 Fire: Hand crossbow     |    43 |    54 |    24 ||   121
Throw: Dart              |       |     1 |     7 ||     8
 Cast: Ensorcelled Hiber |       |       |    20 ||    20
       Slow              |       |       |    21 ||    21
  Use: Scroll            |       |     3 |     8 ||    11
       Potion            |       |       |     3 ||     3
 Stab: Sleeping          |       |     1 |    11 ||    12
Armor: Leather armour    |    24 |    18 |    53 ||    95
       Skin              |       |       |     3 ||     3
Dodge: Dodged            |    74 |   113 |   298 ||   485

Table legend: (Time is in decaauts)
 A = Elapsed time spent in this place.
 B = Non-inter-level travel time spent in this place.
 C = Inter-level travel time spent in this place.
 D = Time resting spent in this place.
 E = Time spent auto-exploring this place.
 F = Levels seen in this place.
 G = Mean time per level.
                   A        B        C        D        E       F      G
               +--------+--------+--------+--------+--------+-----+--------+
         Total |  11424 |  11061 |    363 |   3316 |   5570 |   8 | 1428.0 |
       Dungeon |  11309 |  10962 |    347 |   3316 |   5473 |   7 | 1615.6 |
        Temple |    115 |     99 |     16 |      0 |     97 |   1 |  115.0 |
               +--------+--------+--------+--------+--------+-----+--------+

Top non-repeatable levels by time:
     D:6: 2494 daAuts
     D:5: 1960 daAuts
     D:2: 1933 daAuts
     D:7: 1618 daAuts
     D:1: 1497 daAuts
     D:4: 1030 daAuts
     D:3: 774 daAuts
  Temple: 115 daAuts
